 Dungeon Crawl Stone Soup version 0.28-a0-1412-gf95308ed99 (webtiles) character file.

Game seed: 6385742160149326164

236 Lekart the Skirmisher (level 5, 0/47 HPs)
             Began as a Draconian Fighter on Jan 7, 2022.
             Was an Initiate of Ru.
             Slain by an orc wizard (3 damage)
             ... on level 3 of the Dungeon.
             The game lasted 00:03:42 (3084 turns).

Lekart the Skirmisher (Draconian Fighter)           Turns: 3084, Time: 00:03:43

Health: 0/47       AC:  9    Str: 18    XL:     5   Next: 77%
Magic:  5/5        EV: 12    Int:  9    God:    Ru [......]
Gold:   115        SH:  4    Dex: 12    Spells: 4/4 levels left

rFire   . . .      SeeInvis .   a - +0 war axe
rCold   . . .      Faith    .   b - +0 buckler
rNeg    . . .      Spirit   .   (armour unavailable)
rPois   .          Reflect  .   (helmet restricted)
rElec   .          Harm     .   j - scarf {shadows}
rCorr   .          Rampage  .   (no gloves)
Will    .....                   (no boots)
Stlth   +.........              (no amulet)
HPRegen 0.15/turn               r - +4 ring of protection
MPRegen 0.09/turn               (no ring)

@: mighty
A: AC +5, unfitting armour, cold-blooded
a: Renounce Religion


You were on level 3 of the Dungeon.
You worshipped Ru.
Ru was noncommittal.
You visited 1 branch of the dungeon, and saw 4 of its levels.

You collected 115 gold pieces.

Inventory:

Hand Weapons
 a - a +0 war axe (weapon)
Missiles
 t - 6 boomerangs (quivered)
Armour
 b - a +0 buckler (worn)
 j - a scarf of shadows (worn)
Jewellery
 r - a +4 ring of protection (left hand)
Scrolls
 d - 3 scrolls of fog {unknown}
 e - a scroll of immolation {unknown}
 g - 2 scrolls of identify {unknown}
 k - a scroll of enchant armour {unknown}
 l - a scroll of fear {unknown}
 n - 2 scrolls of noise {unknown}
 o - 3 scrolls of summoning {unknown}
Potions
 f - a potion of degeneration {unknown}
 h - a potion of cancellation {unknown}
 i - a potion of flight {unknown}
 m - a potion of lignification {unknown}
 p - a potion of brilliance {unknown}
 q - a potion of mutation {unknown}
 s - a potion of curing {unknown}
 u - a potion of attraction {unknown}


   Skills:
 * Level 4.9 Fighting
 + Level 4.0 Axes
 + Level 0.5 Throwing
 + Level 3.4 Dodging
 + Level 3.4 Shields


You had 4 spell levels left.
You didn't know any spells.
Your spell library was empty.

Dungeon Overview and Level Annotations

Branches:
Dungeon (4/15)
 Temple: D:4-7

Altars:
Fedhas
Ru

Shops:
D:1 [

Annotations:
D:3 exclusion: downstairs
D:4 Dowan, Duvessa


Innate Abilities, Weirdness & Mutations

Your plain brown scales are hard. (AC +5)
You cannot fit into any form of body armour.
You are cold-blooded and may be slowed by cold attacks.


Message History

Something hits you but does no damage.
You miss the adder.
The adder is moderately wounded.
You barely miss something.
You feel less confused.
You feel sick.
You are no longer poisoned.
The adder bites you but does no damage. Something hits you but does no damage.
The adder bites you.
* * * LOW HITPOINT WARNING * * *
You are poisoned.
The adder poisons you!
You closely miss the adder.
The adder is moderately wounded.
You closely miss something.
You feel sick. The adder misses you. Something hits you but does no damage.
The adder closely misses you. Something hits you but does no damage.
You miss the adder.
The adder is moderately wounded.
You closely miss something.
You feel sick. The adder closely misses you.
Something hits you but does no damage. You block the adder's attack.
You feel very mighty all of a sudden.
You feel sick. Something hits you but does no damage.
The adder bites you but does no damage.
You hit the adder.
The adder is heavily wounded.
You completely miss something.
You feel sick. The adder barely misses you.
Something hits you but does no damage. The adder barely misses you.
You barely miss the adder. You tail-slap the adder.
You kill the adder!
You closely miss something.
You feel sick.
You are no longer poisoned.
Something hits you but does no damage.
Your Axes skill increases to level 4!
You miss something. Something hits you.
* * * LOW HITPOINT WARNING * * *
Something hits you.
* * * LOW HITPOINT WARNING * * *
You closely miss something. Something hits you.
You die...

...#......##.....................
...........#...#.#...............
..............##...##............
.................................
.............#.....#........#....
#...........[#.....#..........###
............##............(..####
.....(....................<......
.............#..@..#.............
.#...........(.{..##........(....
............>............###.....
.#..........##....##.######......
.#..........####.<...# #......
.##........####......# ###......
.###.............#..## #...#####
.##.......######....## #.###
....)..##.######.....# ##.#


There were no monsters in sight!

Vanquished Creatures
  A phantom (D:3)
  A centaur zombie (D:3)
  Jessica (D:3)
  2 gnolls (D:3)
  3 adders
  A dart slug (D:3)
  An orc (D:3)
  6 bats
  4 endoplasms
  2 giant cockroaches
  6 goblins
  3 hobgoblins
  10 jackals
  2 kobolds
  A quokka (D:2)
  2 ball pythons (D:2)
  2 frilled lizards
  4 rats
52 creatures vanquished.

Vanquished Creatures (others)
  A fungus (D:1)
1 creature vanquished.

Grand Total: 53 creatures vanquished

Notes
Turn   | Place    | Note
-------+----------+-------------------------------------------
     0 | D:1      | Lekart the Draconian Fighter began the quest for the Orb.
     0 | D:1      | Reached XP level 1. HP: 19/19 MP: 1/1
   200 | D:1      | Found a faded altar of an unknown god.
   375 | D:1      | Found Coacut's Antique Armour Shop.
   509 | D:1      | Reached XP level 2. HP: 24/26 MP: 2/2
  1154 | D:2      | Reached XP level 3. HP: 30/33 MP: 3/3
  1289 | D:2      | Found a blossoming altar of Fedhas.
  2089 | D:3      | Reached XP level 4. HP: 34/40 MP: 4/4
  2215 | D:3      | Found a sacrificial altar of Ru.
  2375 | D:3      | Noticed Jessica
  2382 | D:3      | Killed Jessica
  2538 | D:3      | Became a worshipper of Ru the Awakened
  2667 | D:4      | Noticed a phantom
  2668 | D:4      | Noticed Duvessa
  2671 | D:4      | Noticed Dowan
  2682 | D:3      | Reached XP level 5. HP: 34/47 MP: 5/5
  2688 | D:3      | Killed a phantom
  3084 | D:3      | Slain by an orc wizard

Illustrated notes

Levels and vault maps discovered:
D:1:      mainiacjoe_arrival_reflecting_pool, layout_loops_cross,
          shapermc_ecumenical_altar_acropolis, serial_shops,
          nicolae_lakefront_shop
D:2:      layout_basic, basic_altar, dk_noncrumbling_4
D:3:      layout_rooms, mainiacjoe_overflow_surrounded_room, uniq_jessica
D:4:      layout_cave_pools, nicolae_overflow_hidden_temple,
          minmay_misc_feat_hallway, kennysheep_nondescript, minmay_liquid_box,
          uniq_duvessa, uniq_grinder

Skill      XL: |  1  2  3  4  5 |
---------------+----------------+-----
Dodging        | 3 |  3.4
Fighting       | 4 |  4.9
Axes           | 3 4 |  4.0
Throwing       | |  0.5
Shields        | |  3.4

Action                   |  1- 3 |  4- 6 || total
-------------------------+-------+-------++-------
Melee: War axe           |   104 |    44 ||   148
       Tailslap          |     8 |     6 ||    14
Throw: Boomerang         |       |    10 ||    10
  Use: Potion            |       |     1 ||     1
Armor: Skin              |    32 |    40 ||    72
Dodge: Dodged            |    84 |    39 ||   123
Block: Buckler           |    38 |    15 ||    53

Table legend: (Time is in decaauts)
 A = Elapsed time spent in this place.
 B = Non-inter-level travel time spent in this place.
 C = Inter-level travel time spent in this place.
 D = Time resting spent in this place.
 E = Time spent auto-exploring this place.
 F = Levels seen in this place.
 G = Mean time per level.
                   A        B        C        D        E       F      G
               +--------+--------+--------+--------+--------+-----+--------+
         Total |   3148 |   3077 |     71 |    325 |   2272 |   4 |  787.0 |
       Dungeon |   3148 |   3077 |     71 |    325 |   2272 |   4 |  787.0 |
               +--------+--------+--------+--------+--------+-----+--------+

Top non-repeatable levels by time:
     D:3: 1152 daAuts
     D:2: 1088 daAuts
     D:1: 890 daAuts
     D:4: 17 daAuts
